 Dungeon Crawl Stone Soup version 0.17.0-15-g6d90897 (webtiles) character file.

4704 4thArraOfDagon the Cleaver (level 10, -7/91 HPs)
             Began as a Minotaur Berserker on Nov 10, 2015.
             Was a Priest of Trog.
             Mangled by a vault guard
             ... wielding a +0 battleaxe
              (11 damage)
             ... on level 13 of the Dungeon.
             The game lasted 00:06:35 (1173 turns).

4thArraOfDagon the Cleaver (Minotaur Berserker)     Turns: 1173, Time: 00:06:36

Health: -7/91      AC: 14    Str: 23    XL:     10   Next: 21%
Magic:  12/12      EV:  7    Int:  6    God:    Trog [***...]
Gold:   100        SH:  0    Dex: 10    Spells: 0 memorised, 9 levels left

rFire  . . .     SeeInvis .     q - +1 hand axe (vamp)
rCold  . . .     Clarity  .     e - +0 plate armour
rNeg   . . .     SustAt   .     (no shield)
rPois  +         Gourm    .     (helmet restricted)
rElec  .         Spirit   .     (no cloak)
rCorr  .         Warding  .     (no gloves)
rMut   .         Stasis   .     (no boots)
MR     .....                    t - amulet of faith
Stlth  ..........               (no ring)
                                (no ring)

@: exhausted, slowed, very slow, not resistant to hostile enchantments,
extremely unstealthy
A: retaliatory headbutt, horns 2, molten scales 1, poison resistance, spit
poison 1, evolution 1
a: Spit Poison, Berserk, Trog's Hand, Burn Spellbooks, Renounce Religion


You were on level 13 of the Dungeon.
You worshipped Trog.
Trog was most pleased with you.
You were very hungry.

You visited 1 branch of the dungeon, and saw 10 of its levels.

You collected 100 gold pieces.

Inventory:

Hand Weapons
 q - a +1 vampiric hand axe (weapon)
Armour
 e - a +0 plate armour (worn)
Jewellery
 g - an uncursed amulet of clarity
 t - an amulet of faith (around neck)
Scrolls
 c - a scroll of remove curse {unknown}
 d - a scroll of enchant weapon {unknown}
 i - a scroll of amnesia {unknown}
 m - a scroll of enchant armour {unknown}
 o - 2 scrolls of fear {unknown}
Potions
 b - a potion of haste
 h - a potion of cure mutation
 j - 2 potions of might
 l - 2 potions of poison
 n - 3 potions of curing
 p - a potion of magic {unknown}
Books
 u - a book of the Warp

   Spells                             Type                      Level
   a - Recall                         Summoning/Translocation      3
   b - Gell's Gravitas                Hexes/Translocation          3
   c - Force Lance                    Conjuration/Translocation    4
   d - Phase Shift                    Translocation                5
   e - Warp Weapon                    Charms/Translocation         5
   f - Summon Forest                  Summoning/Translocation      5
   Trog disapproves of the use of such an item.
Miscellaneous
 f - a lamp of fire
Comestibles
 a - 2 bread rations
 r - 5 chunks of flesh


   Skills:
 + Level 9.3 Fighting
 * Level 12.3 Axes
 + Level 8.6 Armour
 - Level 2.1 Dodging
 + Level 4.3 Evocations


You had 9 spell levels left.
You didn't know any spells.

Dungeon Overview and Level Annotations

Branches:
Dungeon (13/15)              Lair (0/8) D:10         Vaults (0/5) D:13
 Temple: D:4-7          Orc: D:9-12

Altars:
Makhleb
Qazlal
Trog
Zin

Shops:
D:10 (

Annotations:
D:7 Sheev's ghost, novice FoHu


Innate Abilities, Weirdness & Mutations

You reflexively headbutt those who attack you in melee.
You have a pair of horns on your head.
You are partially covered in molten scales (AC +1).
Your system is resistant to poisons.
You can spit weak poison.
You evolve.


Message History

The vault guard hits you with a dire flail.
* * * LOW HITPOINT WARNING * * *
The vault guard hits you but does no damage.
The vault guard hits you with a battleaxe!
* * * LOW HITPOINT WARNING * * *
Things that are here:
a great sword; a chain mail; a human corpse Unknown command.
Unknown command.
Read which item? (? for menu, Esc to quit)
As you read the scroll labeled ILETHR HOEMOK, it crumbles to dust.
The creatures around you are filled with an inner flame!
It was a scroll of immolation.
Your skin stops crawling.
You feel less resistant to hostile enchantments.
The vault guard closely misses you.
The vault guard hits you but does no damage.
The vault guard barely misses you.
The vault guard hits you with a battleaxe!
You die...

#+# ##.. #..
####.##
#.....#
#.....#
#.)...#####p.
#ppp.......pp
#p@...#####..
####.## #..#
####


You could see 4 vault guards.

Vanquished Creatures
  3 vault guards (D:13)
  A hill giant (D:11)
  A manticore (D:11)
  A two-headed ogre (D:9)
  A deep elf mage (D:9)
  A water moccasin (D:9)
  3 orc warriors
  A phantom (D:9)
  A black bear (D:10)
  A giant frog (D:8)
  A wyvern skeleton (D:9)
  6 killer bees (D:9)
  3 orc priests
  A crimson imp (D:11)
  2 orc wizards
  4 quasits
  An iguana (D:9)
  2 hound skeletons
  A river rat (D:10)
  An ooze (D:3)
  4 giant geckos
  13 orcs
  3 bats
  2 giant cockroaches (D:2)
  2 hobgoblins (D:2)
  7 jackals
  A giant newt (D:3)
  3 goblins
  3 kobolds
  2 rats (D:10)
76 creatures vanquished.

Notes
Turn   | Place    | Note
--------------------------------------------------------------
     0 | D:1      | 4thArraOfDagon the Minotaur Berserker began the quest for the Orb.
     0 | D:1      | Reached XP level 1. HP: 19/19 MP: 0/0
   101 | D:1      | Reached skill level 4 in Axes
   120 | D:2      | Reached XP level 2. HP: 20/27 MP: 1/1
   253 | D:2      | Found a faded altar to an unknown god.
   283 | D:3      | Found a glowing silver altar of Zin.
   288 | D:3      | Reached XP level 3. HP: 30/33 MP: 2/2
   291 | D:3      | Reached ** piety under Trog
   363 | D:4      | You fall through a shaft for 3 floors!
   363 | D:7      | Noticed a phantom
   384 | D:7      | Noticed a giant frog
   398 | D:8      | Killed a giant frog
   398 | D:8      | Reached skill level 5 in Axes
   398 | D:8      | Reached XP level 4. HP: 13/41 MP: 3/3
   480 | D:7      | Noticed an ogre
   487 | D:7      | Reached XP level 5. HP: 47/47 MP: 4/4
   492 | D:7      | Reached skill level 5 in Fighting
   504 | D:7      | Noticed Sheev's ghost (novice FoHu)
   522 | D:8      | Found a stormy altar of Qazlal.
   532 | D:9      | Noticed a deep elf mage
   594 | D:9      | Reached skill level 6 in Axes
   629 | D:9      | Reached XP level 6. HP: 53/56 MP: 5/5
   635 | D:9      | Gained mutation: Scrolls take you a little longer to read. [potion of mutation]
   635 | D:9      | Lost mutation: Scrolls take you a little longer to read. [potion of mutation]
   635 | D:9      | Gained mutation: Your system is resistant to poisons. [potion of mutation]
   636 | D:9      | Gained mutation: You can spit weak poison. [potion of mutation]
   636 | D:9      | Gained mutation: You evolve. [potion of mutation]
   636 | D:9      | Gained mutation: You are partially covered in molten scales (AC +1). [potion of mutation]
   652 | D:9      | Reached skill level 7 in Axes
   687 | D:9      | Noticed a water moccasin
   697 | D:9      | Reached XP level 7. HP: 54/62 MP: 6/6
   698 | D:9      | Reached skill level 5 in Armour
   706 | D:9      | Noticed a phantom
   714 | D:9      | Killed a water moccasin
   718 | D:9      | Killed a deep elf mage
   718 | D:9      | Reached skill level 8 in Axes
   728 | D:9      | Killed a phantom
   771 | D:9      | Noticed an orc warrior
   787 | D:9      | Killed an orc warrior
   787 | D:9      | Reached XP level 8. HP: 71/71 MP: 7/7
   825 | D:9      | Noticed a two-headed ogre
   826 | D:9      | Found a bloodstained altar of Trog.
   834 | D:9      | Killed a two-headed ogre
   834 | D:9      | Reached skill level 9 in Axes
   863 | D:10     | Entered Level 10 of the Dungeon
   876 | D:11     | Noticed a hill giant
   877 | D:11     | Noticed a manticore
   884 | D:11     | Killed a hill giant
   884 | D:11     | Reached skill level 10 in Axes
   884 | D:11     | Reached skill level 1 in Evocations
   888 | D:11     | Killed a manticore
   888 | D:11     | Reached XP level 9. HP: 50/81 MP: 7/9
   917 | D:11     | Found a burning altar of Makhleb.
   992 | D:10     | Found Xistroath's Weapon Boutique.
  1060 | D:10     | Found a staircase to the Lair.
  1111 | D:11     | Reached *** piety under Trog
  1135 | D:11     | You fall through a shaft for 2 floors!
  1135 | D:13     | Found a gate to the Vaults.
  1135 | D:13     | Noticed a vault guard
  1135 | D:13     | Noticed a vault guard
  1135 | D:13     | Noticed a vault guard
  1135 | D:13     | Noticed a vault guard
  1135 | D:13     | Noticed a vault guard
  1137 | D:13     | Noticed a vault guard
  1138 | D:13     | Noticed a vault guard
  1153 | D:13     | Killed a vault guard
  1153 | D:13     | Reached skill level 11 in Axes
  1155 | D:13     | Killed a vault guard
  1155 | D:13     | Reached XP level 10. HP: 91/91 MP: 11/11
  1159 | D:13     | Killed a vault guard
  1159 | D:13     | Reached skill level 12 in Axes
  1172 | D:13     | HP: 3/91 [vault guard/battleaxe (17)]
  1173 | D:13     | Mangled by a vault guard

Action                   |  1- 3 |  4- 6 |  7- 9 | 10-12 || total
-------------------------+-------+-------+-------+-------++-------
Melee: Hand axe          |    48 |    48 |   119 |    16 ||   231
Invok: Berserk           |       |     3 |     5 |       ||     8
       Trog's Hand       |       |     3 |     3 |       ||     6
  Use: Potion            |       |     2 |       |       ||     2
       Scroll            |       |       |     5 |     1 ||     6
  Eat: Chunk             |       |     3 |     6 |       ||     9
       Bread ration      |       |     1 |       |       ||     1
